 Dungeon Crawl Stone Soup version 0.31.0-12-g77e489cdc1 (webtiles) character file.

Game seed: 10914554372035479452

1806651 FexLirch the Acrobat (level 27, 203/203 HPs)
             Began as a Vampire Alchemist on Feb 28, 2024.
             Was a High Priest of Ashenzari.
             Escaped with the Orb
             ... and 3 runes on Feb 29, 2024!
             The game lasted 08:41:11 (62583 turns).

FexLirch the Acrobat (Vampire Alchemist)           Turns: 62583, Time: 08:41:12

Health: 203/203    AC:  0    Str:  9 (11) XL:     27
Magic:  47/47      EV: 42    Int: 25 (27) God:    Ashenzari [*****.]
Gold:   2723       SH:  0    Dex: 20 (22) Spells: 5/66 levels left

rFire   . . .        W - melded +3 dagger of Toth-Mos's Legacy {distort, rElec rPois Will+, Sorc, Fort} (curse)
rCold   + + .        w - melded +5 Storm Queen's Shield {shock, Fly rElec, Cun, Self} (curse)
rNeg    + + +        T - melded +2 robe "Jealousy of Ashenzari" {rC+ rF+, Cun, Sorc} (curse)
rPois   ∞            D - melded +2 hat "Behold Eternity" {^Drain rElec rN++ Will+, Melee, Fort} (curse)
rElec   .            f - melded scarf of Cremastomancy {rC+ rF+, Elem, Cun} (curse)
rCorr   .            G - melded +1 pair of gloves "Circumscribed Loss" {Sorc, Elem} (curse)
SInv    +            q - melded +2 pair of boots "Gnostic Sophism" {Self, Fort} (curse)
Will    ++...        a - amulet of Vitality {RegenMP++ Regen++, Self, Elem} (curse)
Stlth   ++           U - melded ring of Ashenzari's Adversity {+Blink rPois rC+ rCorr Int+6, Melee, Self} (curse)
HPRegen 2.13/turn    E - melded ring "Holoeget" {rElec rF+ rN+ Int+2}
MPRegen 1.10/turn

%: clarity
@: bat-form, flying, bloodless, very quick
A: fast, flying, no casting, tiny, bloodless, fangs 3, see invisible, vampiric
2, robust 1, strong 1, inability to read after injury 1
0: Orb of Zot
}: 3/15 runes: decaying, serpentine, silver
a: Revivify, End Transformation, Renounce Religion, Curse Item, Shatter the
Chains


You escaped.
You worshipped Ashenzari.
Ashenzari was extremely pleased with you.
You were a vampire bat.
You visited 11 branches of the dungeon, and saw 51 of its levels.
You visited 1 bazaar.
You also visited: Trove, Sewer, Bailey, Ice Cave, Wizlab and Desolation.

You collected 10001 gold pieces.
You spent 7278 gold pieces at shops.

Inventory:

Hand Weapons
 W - the cursed +3 dagger of Toth-Mos's Legacy (melded) {distort, rElec rPois Will+, Sorc, Fort}
   (You took it off a kobold demonologist on level 12 of the Dungeon)

   rElec:     It insulates you from electricity.
   rPois:     It protects you from poison Will+: It increases your willpower.
   It has a curse which improves the following skills: Sorcery: Conjurations and
   Alchemy.
   Fortitude: Armour and Shields.
Missiles
 s - 4 throwing nets
Armour
 f - the cursed scarf of Cremastomancy (melded) {rC+ rF+, Elem, Cun}
   (You found it in an ice cave)

   It has a curse which improves the following skills: Elements: Fire Magic, Ice
   Magic, Air Magic and Earth Magic.
   Cunning:   Dodging and Stealth.
 i - the +4 robe of Folly {Brill Will-∞ Int+8}
   (You bought it in a shop in a bazaar)

   Brill:     It increases the power of your magical spells and halves their MP
   cost (rounding up).
   Will-∞: It reduces your willpower to zero.
   Int+8:     It affects your intelligence (+8).
 q - the cursed +2 pair of boots "Gnostic Sophism" (melded) {Self, Fort}
   (You found it in an ice cave)

   It has a curse which improves the following skills: Introspection: Fighting
   and Spellcasting.
   Fortitude: Armour and Shields.
 w - the cursed +5 Storm Queen's Shield (melded) {shock, Fly rElec, Cun, Self}
   (You bought it in a shop on level 13 of the Dungeon)

   Shock:     When it blocks an attack, it may electrocute the attacker.
   This works even against foes who are a short distance away.
   rElec:     It insulates you from electricity.
   Fly:       It grants you flight.
   It has a curse which improves the following skills: Cunning: Dodging and
   Stealth.
   Introspection: Fighting and Spellcasting.
 D - the cursed +2 hat "Behold Eternity" (melded) {^Drain rElec rN++ Will+, Melee, Fort}
   (You found it on level 2 of the Depths)

   rElec:     It insulates you from electricity.
   rN++:      It greatly protects you from negative energy.
   Will+:     It increases your willpower.
   ^Drain:    It drains your maximum health when unequipped.
   It has a curse which improves the following skills: Melee Combat: Short
   Blades, Long Blades, Axes, Maces & Flails, Polearms, Staves and Unarmed
   Combat.
   Fortitude: Armour and Shields.
 G - the cursed +1 pair of gloves "Circumscribed Loss" (melded) {Sorc, Elem}
   (You found it on level 6 of the Dungeon)

   It has a curse which improves the following skills: Sorcery: Conjurations and
   Alchemy.
   Elements:  Fire Magic, Ice Magic, Air Magic and Earth Magic.
 T - the cursed +2 robe "Jealousy of Ashenzari" (melded) {rC+ rF+, Cun, Sorc}
   (You found it in an ice cave)

   It has a curse which improves the following skills: Cunning: Dodging and
   Stealth.
   Sorcery:   Conjurations and Alchemy.
Jewellery
 a - the cursed amulet of Vitality (around neck) {RegenMP++ Regen++, Self, Elem}
   (You took it off a wight on level 10 of the Dungeon)

   [amulet of magic regeneration]

   RegenMP:   It increases your rate of magic regeneration.
   Regen++:   It increases your rate of health regeneration.
   It has a curse which improves the following skills: Introspection: Fighting
   and Spellcasting.
   Elements:  Fire Magic, Ice Magic, Air Magic and Earth Magic.
 c - a +4 ring of protection
 l - a +4 ring of protection
 t - the ring of Kuowitt {rC+ rCorr Str+3 Int+4 Dex-3}
   (You found it in the Desolation of Salt)

   [ring of resist corrosion]

   Str+3:     It affects your strength (+3).
   Int+4:     It affects your intelligence (+4).
   Dex-3:     It affects your dexterity (-3).
   rC+:       It protects you from cold.
   rCorr:     It protects you from acid and corrosion.
 v - the ring of Amorality {Fly rN+ Str+5 Dex-4}
   (You took it off a vampire mage on level 2 of the Depths)

   [ring of positive energy]

   Str+5:     It affects your strength (+5).
   Dex-4:     It affects your dexterity (-4).
   rN+:       It protects you from negative energy.
   Fly:       It grants you flight.
 A - the ring "Ankuxt" {Fire Dex+2}
   (You found it in a wizard's laboratory)

   [ring of fire]

   Fire:      It enhances your fire magic.
   Dex+2:     It affects your dexterity (+2).
   rF+:       It protects you from fire.
   rC-:       It makes you vulnerable to cold.
 B - a +6 ring of dexterity
 E - the ring "Holoeget" (melded) {rElec rF+ rN+ Int+2}
   (You found it in the Desolation of Salt)

   [ring of positive energy]

   Int+2:     It affects your intelligence (+2).
   rF+:       It protects you from fire.
   rElec:     It insulates you from electricity.
   rN+:       It protects you from negative energy.
 I - a ring of magical power
 K - the ring "Ciustug" {Fire rElec Int+5}
   (You took it off an ironbound thunderhulk in a wizard's laboratory)

   [ring of fire]

   Fire:      It enhances your fire magic.
   Int+5:     It affects your intelligence (+5).
   rF+:       It protects you from fire.
   rC-:       It makes you vulnerable to cold.
   rElec:     It insulates you from electricity.
 R - the ring "Inyvekh" {rF- Will+ Str+2 Int+5 Dex+6}
   (You found it in the Desolation of Salt)

   [ring of dexterity]

   Str+2:     It affects your strength (+2).
   Int+5:     It affects your intelligence (+5).
   Dex+6:     It affects your dexterity (+6).
   rF-:       It makes you vulnerable to fire.
   Will+:     It increases your willpower.
 U - the cursed ring of Ashenzari's Adversity (melded) {+Blink rPois rC+ rCorr Int+6, Melee, Self}
   (You found it in the Desolation of Salt)

   [ring of intelligence]

   Int+6:     It affects your intelligence (+6).
   rC+:       It protects you from cold.
   rPois:     It protects you from poison +Blink: It lets you blink.
   rCorr:     It protects you from acid and corrosion.
   It has a curse which improves the following skills: Melee Combat: Short
   Blades, Long Blades, Axes, Maces & Flails, Polearms, Staves and Unarmed
   Combat.
   Introspection: Fighting and Spellcasting.
Wands
 e - a wand of digging (11)
 p - a wand of iceblast (42)
 H - a wand of charming (52)
 L - a wand of light (45)
Scrolls
 h - 4 scrolls of teleportation
 k - 6 scrolls of revelation
 o - 2 scrolls of blinking
 r - 8 scrolls of amnesia
 u - 2 scrolls of silence
 z - a scroll of butterflies
 J - 6 scrolls of fear
 M - 5 scrolls of vulnerability
 Y - 7 scrolls of fog
 Z - 5 scrolls of enchant armour
Potions
 b - 5 potions of magic
 d - 22 potions of curing
 m - 8 potions of attraction
 n - 4 potions of invisibility
 x - 13 potions of lignification
 C - 12 potions of enlightenment
 F - 5 potions of might
 N - 4 potions of ambrosia
 O - 13 potions of heal wounds
 Q - 3 potions of brilliance
 S - 2 potions of haste
 V - 7 potions of resistance
 X - 3 potions of cancellation
Miscellaneous
 g - a box of beasts
 y - a phantom mirror
 P - a lightning rod (4/4)


   Skills:
 + Level 18.6(20.5) Fighting
 - Level 8.4 Short Blades
 - Level 1.0 Armour
 + Level 21.8 Dodging
 - Level 9.0 Stealth
 + Level 17.6 Shields
 + Level 18.3(20.2) Spellcasting
 + Level 11.4 Conjurations
 - Level 20.0 Hexes
 - Level 10.7 Translocations
 - Level 10.7(12.8) Fire Magic
 + Level 18.5(20.4) Air Magic
 - Level 13.6 Alchemy


You had 5 spell levels left.
You knew the following spells:

 Your Spells              Type           Power      Damage    Failure   Level
a - Irradiate             Conj/Alch      36%        3d23      1%          5
b - Swiftness             Air            91%        N/A       0%          3
c - Arcjolt               Conj/Air       40%        1d50      1%          5
d - Olgreb's Toxic Radia  Alch           76%        N/A       1%          4
e - Blink                 Tloc           100%       N/A       1%          2
f - Sticky Flame          Fire/Alch      75%        2d12      1%          4
g - Tukima's Dance        Hex            90%        N/A       0%          3
h - Sigil of Binding      Hex            90%        N/A       0%          3
i - Flame Wave            Conj/Fire      72%        2d16      1%          4
j - Yara's Violent Unrav  Hex/Alch       41%        3d16      1%          5
k - Plasma Beam           Fire/Air       41%        2x1d55    1%          6
l - Passage of Golubria   Tloc           68%        N/A       1%          4
m - Enfeeble              Hex            45%        N/A       1%          7
n - Apportation           Tloc           100%       N/A       1%          1
o - Alistair's Intoxicat  Alch           50%        N/A       1%          5

Your spell library contained the following spells:

 Spells                   Type           Power      Damage    Failure   Level
 Foxfire                  Conj/Fire      100%       2x1d9     0%          1
 Magic Dart               Conj           100%       1d8       0%          1
 Slow                     Hex            100%       N/A       0%          1
 Sting                    Conj/Alch      100%       1d9       0%          1
 Jinxbite                 Hex            100%       N/A       0%          2
 Mercury Vapours          Alch/Air       100%       N/A       0%          2
 Confusing Touch          Hex            90%        N/A       0%          3
 Dazzling Flash           Conj/Hex       100%       N/A       0%          3
 Inner Flame              Hex/Fire       82%        N/A       0%          3
 Mephitic Cloud           Conj/Alch/Air  79%        N/A       0%          3
 Silence                  Hex/Air        45%        N/A       0%          5
 Freeze                   Ice            100%       1d10      1%          1
 Necrotise                Necr           100%       1d9       1%          1
 Sandblast                Erth           52%        2d12      1%          1
 Summon Small Mammal      Summ           100%       N/A       1%          1
 Ensorcelled Hibernation  Hex/Ice        100%       N/A       1%          2
 Lesser Beckoning         Tloc           100%       N/A       1%          2
 Momentum Strike          Conj/Tloc      100%       3d10      1%          2
 Gell's Gravitas          Tloc           68%        N/A       1%          3
 Hailstorm                Conj/Ice       53%        3d10      1%          3
 Stone Arrow              Conj/Erth      100%       3d13      1%          3
 Anguish                  Hex/Necr       33%        N/A       1%          4
 Brom's Barrelling Bould  Conj/Erth      53%        2d7       1%          4
 Dimensional Bullseye     Hex/Tloc       40%        N/A       1%          4
 Leda's Liquefaction      Alch/Erth      28%        N/A       1%          4
 Manifold Assault         Tloc           68%        N/A       1%          4
 Petrify                  Alch/Erth      57%        N/A       1%          4
 Summon Blazeheart Golem  Fire/Summ      55%        N/A       1%          4
 Summon Lightning Spire   Summ/Air       66%        N/A       1%          4
 Vhi's Electric Charge    Tloc/Air       100%       N/A       1%          4
 Fireball                 Conj/Fire      36%        3d15      1%          5
 Iskenderun's Battlesphe  Conj           70%        2d12      1%          5
 Metabolic Englaciation   Hex/Ice        33%        N/A       1%          5
 Summon Mana Viper        Hex/Summ       66%        N/A       1%          5
 Call Imp                 Summ           50%        N/A       2%          2
 Sublimation of Blood     Necr           25%        N/A       2%          2
 Frozen Ramparts          Ice            52%        1d8       4%          3
 Ozocubu's Armour         Ice            26%        N/A       4%          3
 Passwall                 Erth           26%        N/A       4%          3
 Summon Ice Beast         Ice/Summ       26%        N/A       4%          3
 Fugue of the Fallen      Necr           25%        N/A       5%          3
 Vampiric Draining        Necr           25%        2d7       5%          3
 Summon Forest            Summ/Tloc      25%        N/A       5%          5
 Animate Armour           Summ/Erth      52%        N/A       16%         4
 Animate Dead             Necr           25%        N/A       17%         4
 Borgnjor's Vile Clutch   Necr/Erth      13%        N/A       41%         5
 Lee's Rapid Deconstruct  Erth           13%        3d9*      41%         5
 Curse of Agony           Necr           25%        N/A       43%         5
 Conjure Ball Lightning   Conj/Air       40%        3x3d13    1%          6
 Eringya's Noxious Bog    Alch           38%        4d6       1%          6
 Starburst                Conj/Fire      36%        6d11      1%          6
 Dispersal                Tloc           34%        N/A       3%          6
 Discord                  Hex            45%        N/A       3%          8
 Orb of Destruction       Conj           35%        9d10      13%         7
 Sculpt Simulacrum        Ice/Alch       28%        N/A       16%         6
 Bombard                  Conj/Erth      26%        9d5       24%         6
 Spellforged Servitor     Conj/Summ      26%        N/A       80%         7
 Disjunction              Tloc           34%        N/A       80%         8
 Malign Gateway           Summ/Tloc      25%        N/A       85%         7
 Chain Lightning          Conj/Air       40%        3d54      94%         9
 Summon Cactus Giant      Summ           12%        N/A       95%         6
 Monstrous Menagerie      Summ           12%        N/A       100%        7
 Ozocubu's Refrigeration  Ice            13%        4d10      100%        7
 Summon Hydra             Summ           12%        N/A       100%        7
 Infestation              Necr           12%        N/A       100%        8
 Lehudib's Crystal Spear  Conj/Erth      26%        10d7      100%        8
 Fire Storm               Conj/Fire      36%        8d9       100%        9
 Shatter                  Erth           13%        3d13*     100%        9


Dungeon Overview and Level Annotations

Branches:
Dungeon (15/15)            Temple (1/1) D:6            Lair (5/5) D:8
  Swamp (4/4) Lair:2        Snake (4/4) Lair:2        Slime (0/5) Lair:5
    Orc (2/2) D:12            Elf (3/3) Orc:2        Vaults (5/5) D:13
  Crypt (3/3) Vaults:2       Tomb (0/3) Crypt:3      Depths (4/4) D:15
    Zot (5/5) Depths:4      Sewer (visited)          Bailey (visited)
  IceCv (visited)          WizLab (visited)         Desolation (visited)

Altars:
Ashenzari
Cheibriados
Dithmenos
Fedhas
Gozag
Hepliaklqana
Kikubaaqudgha
Makhleb
Nemelex Xobeh
Okawaru
Qazlal
Ru
Sif Muna
Trog
Uskayaw
Vehumet
Wu Jian
Xom
Yredelemnul
Lugonu

Shops:
D:11 (   D:13 [   Orc:2 [:**   Snake:1 ?((   Snake:3 :=:   Vaults:1 :
Depths:3 *   Depths:4 (

Portals:
Hell: Depths:1 Depths:2 Depths:3 Depths:4
Abyss: D:12 Depths:2 Depths:3
Pandemonium: Orc:2 Depths:2 Depths:4
Ziggurat: Depths:1

Annotations:
D:3 Grinder
D:4 exclusion: downstairs
D:5 exclusion: 2 yaks
Elf:1 1 runed translucent door
Elf:2 3 runed translucent doors
Vaults:5 2 exclusions
Depths:3 3 runed translucent doors, exclusion: obsidian statue, OlivierBoivin's ghost, veteran AtAr
Zot:1 1 exclusion
Zot:3 2 exclusions
Abyss:1 Boris


Innate Abilities, Weirdness & Mutations

You are a vampire bat.
You are tiny and dextrous.
You move quickly.
You are flying.
You are immune to poison.
Your equipment is almost entirely melded.
You are incapable of wielding weapons or throwing items.
You cannot cast spells.
You do not regenerate when monsters are visible.
You are frail without blood (-20% HP).
You can heal yourself when you bite living creatures.
You are immune to poison.
You have razor-sharp teeth.
You have supernaturally acute eyesight. (SInv)
You are afflicted with vampirism and can become a bat while bloodless.
You are robust. (+10% HP)
Your muscles are strong. (Str +4, Int/Dex -1)
You occasionally lose the ability to read scrolls when taking damage.


Message History

Aiming: Yara's Violent Unravelling (safe; 0% risk of failure)
Press: ? - help, Dir - move target, f/p - hellion
Aim: a hellion (almost dead, blind, unable to see you, dazed, misshapen and mutated, weak, magic disrupted)
The hellion's magical effects unravel!
The enchantments explode!
The hellion twists and deforms.
The unravelling engulfs the hellion!!!
You kill the hellion!
There is a stone staircase leading up here.
You fly upwards.
There is a stone staircase leading down here.
HP restored.
Magic restored.
A hellwing comes into view.
There is an open door here.
There is an open door here.
There is an open door here.
The bolt of lightning hits the hellwing but does no damage.
The fiery plasma hits the hellwing!!!
You kill the hellwing!
You can't see any susceptible monsters within range! (Use Z to cast anyway.)
There is a staircase leading out of the dungeon here.
Casting: Plasma Beam (safe; 1% risk of failure)
Confirm with . or Enter, or press ? or * to list all spells.
Okay, then.
Unknown command.
You begin bloodletting.
You continue bloodletting. x5
You become bloodless.
You turn into a vampire bat.
The cursed +3 dagger of Toth-Mos's Legacy {distort, rElec rPois Will+, Sorc, Fort} melds into your body.
The cursed scarf of Cremastomancy {rC+ rF+, Elem, Cun} melds into your body.
The cursed +2 hat "Behold Eternity" {^Drain rElec rN++ Will+, Melee, Fort} melds into your body.
The cursed +1 pair of gloves "Circumscribed Loss" {Sorc, Elem} melds into your body.
The cursed +2 pair of boots "Gnostic Sophism" {Self, Fort} melds into your body.
The cursed +5 Storm Queen's Shield {shock, Fly rElec, Cun, Self} melds into your body.
The cursed +2 robe "Jealousy of Ashenzari" {rC+ rF+, Cun, Sorc} melds into your body.
The cursed ring of Ashenzari's Adversity {+Blink rPois rC+ rCorr Int+6, Melee, Self} melds into your body.
The ring "Holoeget" {rElec rF+ rN+ Int+2} melds into your body.
You feel hot and cold all over.
You float gracefully downwards.
You feel hot and cold all over.
You feel stupid.
You feel weakened.
You feel dopey.
You feel clumsy.
You have escaped!

♣#.{#..P.P.P.#..#
#..#.....P..#..#
#..#8...P.P.#..#
#..#.P......#..#
#..#..P.P.P.#..#
#{##........##'#
##..##########..##
#....#......'....#
#....'......#...b#
##..##########..##
#### ####


There were no monsters in sight!

Vanquished Creatures
  4 dread liches
  5 orbs of fire
  3 ancient liches
  Mara (Depths:1)
  A juggernaut (Depths:2)
  Sojobo (Depths:3)
  2 Killer Klowns (Zot:5)
  Vv (Zot:1)
  7 golden dragons
  the Enchantress (Depths:1)
  A profane servitor (Crypt:3)
  A bone dragon (Crypt:3)
  4 electric golems
  Jory (Crypt:3)
  2 hellephants (Depths:3)
  13 tentacled monstrosities
  21 Orb Guardians (Zot:5)
  A walking crystal tome (Depths:3)
  4 liches
  A deep elf blademaster (Elf:3)
  2 deep elf master archers (Elf:3)
  3 quicksilver dragons
  6 sphinxes
  3 titans
  7 death cobs
  2 ancient champions
  Agnes (Snake:4)
  The ghost of Viocziel the Brawler, an adept TrMo of Nemelex Xobeh (Depths:1)
  3 revenants
  12 shadow dragons
  18 storm dragons
  8 tengu reavers
  Aizul (Snake:2)
  5 nagarajas
  7 protean progenitors
  5 draconian knights
  6 fire giants
  8 deep elf sorcerers
  8 draconian monks
  3 imperial myrmidons (Desolation)
  3 draconian shifters
  Louise (Snake:1)
  4 deep elf elementalists (Elf:3)
  9 vault wardens
  8 draconian stormcallers
  10 draconian scorchers
  A curse skull (Crypt:1)
  4 frost giants
  4 orc warlords
  8 spriggan defenders
  5 ghouls
  A quicksilver ooze (Zot:2)
  13 ironbound preservers
  8 stone giants
  9 draconian annihilators
  7 ironbound thunderhulks
  30 very ugly things
  3 formless jellyfish
  10 green draconians
  2 black draconians
  15 vampire knights
  4 deep elf demonologists
  4 deep elf annihilators
  5 yellow draconians
  An eleionoma (Swamp:2)
  14 red draconians
  4 war gargoyles
  6 deep elf death magi
  The ghost of erfael the Severer, a journeyman MiBe of Trog (Orc:2)
  8 bunyips
  Azrael (Orc:1)
  4 dire elephants (Vaults:3)
  16 purple draconians
  8 white draconians
  5 spark wasps (Depths:4)
  9 ettins
  A halazid warlock (Desolation)
  An eidolon (Crypt:1)
  A merfolk javelineer (Depths:1)
  4 crystal guardians
  2 spriggan zombies (Crypt:2)
  16 fire dragons
  5 ragged hierophants (Desolation)
  30 jiangshi
  A fire dragon (shapeshifter) (Elf:2)
  2 ice dragons
  8 yaktaur captains
  A shambling mangrove (Swamp:4)
  22 hydras
  7 deep elf high priests
  The ghost of Gadfly the Exorcist, a journeyman AtFi of the Shining One (D:10)
  A caustic shrike simulacrum (Crypt:1)
  3 ghost crabs
  8 salamander tyrants
  6 centaur warriors
  5 rakshasas
  6 great orbs of eyes
  8 alligators
  15 peacekeepers
  9 ironbound frosthearts
  10 spriggan air magi
  28 vault guards
  2 catoblepae
  7 boulder beetles
  3 anacondas
  A radroach (Zot:2)
  A two-headed ogre (shapeshifter) (Depths:3)
  18 dancing weapons
  A demonspawn (Orc:2)
  8 hell hogs
  13 death yaks
  4 death knights
  3 merfolk avatars (Swamp:4)
  5 two-headed ogres
  16 deep troll earth magi
  2 satyrs (Zot:4)
  10 vampire magi
  11 naga warriors
  3 occultists
  3 deep troll shamans
  9 orc high priests
  13 spriggan berserkers
  A quicksilver ooze zombie (Crypt:1)
  9 tengu warriors
  14 naga sharpshooters
  6 shock serpents
  Nergalle (Orc:1)
  12 deep elf knights
  10 hell knights
  Sonja (Orc:1)
  Urug (D:13)
  4 skysharks
  2 sun demons (Depths:2)
  4 iron trolls (Depths:3)
  A soul eater (Crypt:2)
  Amaemon (Lair:3)
  3 goliath frogs (Swamp:3)
  A golden dragon zombie (Depths:1)
  6 salamander mystics
  30 skeletal warriors
  48 deep trolls
  A shadow wraith (Crypt:2)
  11 swamp dragons
  11 flayed ghosts
  2 spriggan druids
  11 mana vipers
  3 large abominations (Crypt:3)
  7 glowing orange brains
  2 lightning spires (WizLab)
  2 arcanists
  6 naga ritualists
  11 deep elf archers
  An orange crystal statue (Zot:5)
  14 bog bodies
  8 harpies
  26 deep elf zephyrmancers
  Pikel (D:7)
  16 phantasmal warriors
  8 necromancers
  9 lindwurms
  2 bunyip skeletons
  22 ironbound convokers
  21 deep elf pyromancers
  A wolf spider (Vaults:5)
  13 orc knights
  3 will-o-the-wisps
  29 ugly things
  A glowing shapeshifter (Depths:3)
  3 manticores
  2 stone giant zombies
  19 salamanders
  10 orc sorcerers
  2 cyclopes (D:14)
  3 kobold blastminers
  7 elephants
  21 moths of wrath
  A naga zombie (Crypt:1)
  An ice statue (IceCv)
  13 vault sentinels
  5 torpor snails (Lair:5)
  5 guardian serpents
  3 meliai (D:12)
  34 black mambas
  6 molten gargoyles
  11 cane toads
  28 naga magi
  Joseph (D:8)
  A minotaur zombie (Crypt:2)
  An orange demon (Lair:3)
  9 gargoyles
  2 unseen horrors
  Maggie (D:8)
  8 komodo dragons
  An efreet (D:14)
  2 rime drakes
  A swamp worm zombie (Crypt:1)
  A hellion (D:2)
  A dire elephant skeleton (Crypt:3)
  38 yaktaurs
  Psyche (D:9)
  5 kobold demonologists
  2 tormentors
  An anaconda simulacrum (IceCv)
  6 freezing wraiths
  5 tengu conjurers
  2 hellwings
  8 trolls
  A polar bear (shapeshifter) (D:15)
  24 hornets
  11 polar bears
  8 tyrant leeches
  A sun moth zombie (Crypt:2)
  42 saltlings (Desolation)
  9 blink frogs
  2 glass eyes
  A frost giant simulacrum (Depths:1)
  A raiju (Lair:5)
  10 slime creatures
  3 fire dragon skeletons
  9 shadows
  6 air elementals
  A dire elephant simulacrum (IceCv)
  7 water elementals
  2 wyverns (shapeshifter) (D:14)
  A satyr skeleton (Crypt:2)
  12 wraiths
  7 vampires
  17 humans
  18 spriggans
  A wyvern (Lair:2)
  8 basilisks
  A yak (shapeshifter) (Depths:4)
  46 yaks
  A black mamba skeleton (Crypt:3)
  2 spriggan skeletons
  6 wargs
  8 fire elementals
  2 steam dragons
  Grum (D:8)
  11 vampire mosquitoes
  A chaos spawn (Orc:2)
  2 fire bat zombies
  3 harpy simulacra
  A small abomination (Crypt:3)
  A deep troll zombie (Crypt:1)
  16 swamp worms
  13 water moccasins
  44 nagas
  2 acid dragons
  Duvessa (D:6)
  16 hell hounds
  A hydra simulacrum (IceCv)
  56 orc warriors
  8 swamp drakes (Swamp:4)
  A sky beast (D:7)
  13 black bears
  19 wolves
  10 ogres
  24 laughing skulls
  6 boggarts
  9 centaurs
  3 lemures (D:7)
  8 kobold brigands
  A weeping skull (Crypt:3)
  A brain worm (shapeshifter) (Elf:3)
  Blork the orc (D:4)
  11 bullfrogs
  2 cane toad simulacra (IceCv)
  8 necrophages
  2 scorpions
  5 two-headed ogre simulacra (IceCv)
  3 earth elementals
  4 burial acolytes (Crypt:3)
  A warg skeleton (Crypt:2)
  11 wights
  Dowan (D:6)
  2 elephant simulacra (IceCv)
  11 killer bees
  4 electric eels (Bailey)
  5 howler monkeys
  A troll skeleton (Crypt:1)
  A crimson imp (D:11)
  A bombardier beetle (D:6)
  3 jellies
  3 hounds
  31 orc priests
  A gnoll bouda (D:7)
  2 sleepcaps (D:5)
  3 iguanas
  Ijyb (D:4)
  A basilisk skeleton (Crypt:1)
  21 orc wizards
  A boggart zombie (Crypt:2)
  A polar bear simulacrum (IceCv)
  7 spriggan simulacra
  8 troll simulacra (IceCv)
  2 wolf simulacra (IceCv)
  A hound zombie (Crypt:1)
  An ogre skeleton (Crypt:1)
  7 adders
  12 gnolls
  A river rat (Sewer)
  3 naga simulacra (IceCv)
  A shadow imp (D:7)
  19 white imps
  10 ufetubi
  2 ribbon worms
  100 orcs
  5 endoplasms
  A giant cockroach (D:6)
  20 goblins
  9 hobgoblins
  4 jackals
  17 kobolds
  10 quokkas
  5 ball pythons
  3 bats
  2 frilled lizards
  10 rats
  3 aspiring fleshes
2376 creatures vanquished.

Vanquished Creatures (collateral kills)
  A vault warden (Vaults:4)
  An orc warlord (Orc:2)
  A stone giant (D:15)
  A war gargoyle (Vaults:5)
  An ettin (WizLab)
  2 two-headed ogres (D:12)
  3 naga sharpshooters
  A gargoyle (D:14)
  A hornet (Depths:1)
  2 nagas
  3 wights
17 creatures vanquished.

Vanquished Creatures (others)
  A deep elf zephyrmancer (Elf:1)
  A bloated husk (Swamp:1)
  12 dancing weapons
  A laughing skull (Crypt:1)
  A wolf (Lair:2)
  A wight (D:7)
  An orc wizard (Orc:1)
  A hobgoblin (Bailey)
  2 foxfires (Swamp:3)
21 creatures vanquished.

Grand Total: 2414 creatures vanquished

Notes
Turn   | Place    | Note
-------+----------+-------------------------------------------
     0 | D:1      | FexLirch the Vampire Alchemist began the quest for the Orb.
     0 | D:1      | Reached XP level 1. HP: 13/13 MP: 3/3
   254 | D:1      | Reached XP level 2. HP: 20/20 MP: 3/5
   397 | D:1      | Learned a level 2 spell: Mercury Vapours
  1151 | D:2      | Found a faded altar of an unknown god.
  1181 | D:2      | Reached skill level 1 in Conjurations
  1263 | D:2      | Gained mutation: You are afflicted with vampirism and can
                  | become a bat while bloodless. [Vampire growth]
  1263 | D:2      | Reached XP level 3. HP: 12/20 MP: 1/6
  1665 | D:2      | Reached skill level 1 in Fighting
  2574 | D:3      | Noticed Grinder
  2590 | D:3      | Learned a level 3 spell: Mephitic Cloud
  2912 | D:4      | Reached XP level 4. HP: 25/25 MP: 4/7
  3050 | D:4      | Noticed a scorpion
  3057 | D:4      | Killed a scorpion
  3058 | D:4      | Reached skill level 3 in Dodging
  3058 | D:4      | Reached skill level 1 in Air Magic
  3195 | D:4      | Reached XP level 5. HP: 29/29 MP: 8/8
  3198 | D:4      | Noticed Ijyb
  3313 | D:4      | Noticed Blork the orc
  3343 | D:4      | Killed Blork the orc
  3453 | D:5      | Entered Level 5 of the Dungeon
  3504 | D:4      | Killed Ijyb
  3952 | D:4      | Reached XP level 6. HP: 35/35 MP: 3/10
  4102 | D:5      | Noticed a water moccasin
  4359 | D:5      | Reached skill level 5 in Alchemy
  4506 | D:5      | Found an iron altar of Okawaru.
  4753 | D:5      | Noticed a yak
  4772 | D:5      | Noticed a yak
  4809 | D:5      | Learned a level 4 spell: Olgreb's Toxic Radiance
  4896 | D:5      | Reached skill level 5 in Stealth
  4896 | D:5      | Reached XP level 7. HP: 40/40 MP: 3/11
  5065 | D:5      | Reached skill level 4 in Dodging
  5540 | D:6      | Noticed Duvessa
  5540 | D:6      | Noticed Dowan
  5552 | D:6      | Killed Dowan
  5635 | D:6      | Found a staircase to the Ecumenical Temple.
  5654 | Temple   | Entered the Ecumenical Temple
  5662 | Temple   | Became a worshipper of Ashenzari the Shackled
  5681 | D:6      | Noticed a steam dragon
  5690 | D:6      | Killed a steam dragon
  5691 | D:6      | Reached XP level 8. HP: 46/46 MP: 9/13
  5702 | D:6      | Found a glowing drain.
  5784 | Sewer    | Entered a sewer
  5997 | D:6      | Found a hazy altar of Hepliaklqana.
  6378 | D:6      | Reached skill level 5 in Dodging
  6381 | D:6      | Learned a level 2 spell: Blink
  6613 | D:6      | Killed Duvessa
  6614 | D:6      | Reached skill level 5 in Air Magic
  7166 | D:7      | Reached skill level 1 in Shields
  7276 | D:7      | Reached XP level 9. HP: 50/52 MP: 8/15
  7561 | D:7      | Reached skill level 1 in Fire Magic
  7825 | D:7      | Identified the +4 ring mail of Noon {Dex+2}
  8010 | D:7      | Gained mutation: Your spells are a little harder to cast,
                  | but a little more powerful. [potion of mutation]
  8232 | D:8      | Found a hide-covered altar of Uskayaw.
  8698 | D:7      | Noticed Pikel
  9151 | D:7      | Killed Pikel
  9257 | D:8      | Reached skill level 5 in Fire Magic
  9355 | D:8      | Learned a level 4 spell: Sticky Flame
  9509 | D:8      | Noticed an elephant
  9535 | D:8      | Killed an elephant
  9536 | D:8      | Reached XP level 10. HP: 42/56 MP: 0/16
  9662 | D:8      | Noticed Grum
  9668 | D:8      | Noticed Maggie
  9704 | D:8      | Found a staircase to the Lair.
  9813 | D:8      | Killed Grum
  9891 | D:8      | Reached * piety under Ashenzari
  9937 | D:8      | Found a sparkling altar of Nemelex Xobeh.
  9938 | D:8      | Noticed Joseph
  9947 | D:8      | Killed Joseph
  9948 | D:8      | Reached skill level 1 in Short Blades
 10321 | D:8      | Killed Maggie
 10330 | D:8      | Reached skill level 10 in Alchemy
 10581 | D:9      | Noticed a two-headed ogre
 10589 | D:9      | Killed a two-headed ogre
 10772 | D:9      | Identified the +0 leather armour "Iskaluby" {rPois Str-4
                  | Int+4}
 10843 | D:9      | Identified the +7 scale mail "Neczus" {rPois Int+6 Dex-3
                  | Slay+3}
 10926 | D:9      | Reached skill level 6 in Dodging
 11038 | D:9      | Reached skill level 5 in Spellcasting
 11179 | D:9      | Noticed Psyche
 11189 | D:9      | Killed Psyche
 11249 | D:9      | Found an ancient bone altar of Kikubaaqudgha.
 11257 | D:9      | Reached skill level 1 in Armour
 11472 | D:9      | Reached XP level 11. HP: 52/64 MP: 14/19
 11975 | D:10     | Entered Level 10 of the Dungeon
 12128 | D:10     | Noticed a two-headed ogre
 12203 | D:10     | Reached skill level 5 in Fighting
 12303 | D:10     | Found a flagged portal.
 12333 | Bailey   | Entered a bailey
 12403 | Bailey   | Noticed an orc knight
 12416 | Bailey   | Killed an orc knight
 12431 | Bailey   | HP: 1/64 [electric eel/bolt of electricity (12)]
 12805 | Bailey   | Identified a scroll of acquirement
 12817 | Bailey   | Noticed an orc knight
 12826 | Bailey   | Killed an orc knight
 12827 | Bailey   | Reached skill level 7 in Dodging
 12828 | Bailey   | Noticed an orc high priest
 12969 | Bailey   | Noticed a soul eater
 12975 | Bailey   | Identified the +8 great sword of Blood {freeze, rPois
                  | Str+2}
 12980 | Bailey   | Found an iron altar of Okawaru.
 13115 | Bailey   | Killed an orc high priest
 13120 | Bailey   | Identified the Teachings on Crystalline Execration
 13329 | D:10     | Acquired 1174 gold pieces
 13464 | D:10     | Noticed a two-headed ogre
 13468 | D:10     | Killed a two-headed ogre
 13641 | D:10     | Reached skill level 1 in Hexes
 13774 | D:10     | Learned a level 3 spell: Tukima's Dance
 13778 | D:10     | Learned a level 3 spell: Sigil of Binding
 14175 | D:10     | Killed a two-headed ogre
 14176 | D:10     | Reached XP level 12. HP: 69/72 MP: 12/22
 14259 | D:10     | Reached skill level 8 in Dodging
 14347 | D:10     | Reached skill level 5 in Shields
 14742 | D:10     | Reached ** piety under Ashenzari
 14771 | D:10     | Found a shadowy altar of Dithmenos.
 14771 | D:10     | Noticed a rakshasa
 14789 | D:10     | Killed a rakshasa
 14798 | D:10     | Noticed a rakshasa
 15250 | D:10     | Found a runed translucent gate.
 15250 | D:10     | Found a runed translucent gate.
 15250 | D:10     | Found a runed translucent gate.
 15251 | D:10     | Noticed Gadfly's ghost (journeyman AtFi)
 15252 | D:10     | Noticed a 12-headed hydra
 15546 | D:11     | Learned a level 4 spell: Flame Wave
 16029 | D:11     | Found Joivuny's Weapon Shoppe.
 16142 | D:12     | Noticed a two-headed ogre
 16142 | D:12     | Noticed a centaur warrior
 16147 | D:12     | Killed a centaur warrior
 16153 | D:12     | Killed a two-headed ogre
 16154 | D:12     | Reached skill level 5 in Hexes
 16196 | D:12     | Found a large runed translucent door.
 16196 | D:12     | Found a large runed translucent door.
 16376 | D:12     | Noticed a two-headed ogre
 16381 | D:12     | Killed a two-headed ogre
 16414 | D:12     | Noticed a two-headed ogre
 16419 | D:12     | Reached skill level 9 in Dodging
 16566 | D:12     | Killed a two-headed ogre
 16580 | D:12     | Found a staircase to the Orcish Mines.
 16661 | D:12     | Found a one-way gate to the infinite horrors of the Abyss.
 16661 | D:12     | Identified the +3 dagger of the Unspeakable One {distort,
                  | rElec rPois Will+}
 16759 | D:12     | Found a corrupted altar of Lugonu.
 16843 | D:13     | Noticed a catoblepas
 16845 | D:13     | Reached XP level 13. HP: 80/80 MP: 26/26
 16928 | D:13     | Found Owisiuz's Antique Armour Shoppe.
 16945 | D:13     | Bought the +5 Storm Queen's Shield {shock, Fly rElec} for
                  | 1140 gold pieces
 16945 | D:13     | Found the +5 Storm Queen's Shield {shock, Fly rElec}
 17130 | D:13     | Found a gate to the Vaults.
 17130 | D:13     | Noticed Urug
 17139 | D:13     | Killed Urug
 17175 | D:13     | You are sucked into a shaft and drop 2 floors!
 17175 | D:15     | Entered Level 15 of the Dungeon
 17255 | D:13     | Identified the +8 falchion of the Old World {spect, rElec}
 17558 | D:14     | Reached skill level 10 in Dodging
 17874 | Lair:1   | Entered Level 1 of the Lair of Beasts
 19308 | Lair:2   | Reached XP level 14. HP: 69/88 MP: 22/28
 19444 | Lair:2   | Found a staircase to the Snake Pit.
 19551 | Lair:2   | Reached skill level 5 in Short Blades
 19615 | Lair:2   | Found a staircase to the Swamp.
 19979 | Lair:3   | Noticed Amaemon
 20006 | Lair:3   | Killed Amaemon
 21028 | Lair:4   | Reached skill level 11 in Dodging
 21028 | Lair:4   | Reached skill level 10 in Hexes
 21483 | Lair:5   | Entered Level 5 of the Lair of Beasts
 21634 | Lair:5   | Found a frozen archway.
 21680 | IceCv    | Entered an ice cave
 21967 | IceCv    | Learned a level 5 spell: Yara's Violent Unravelling
 22064 | IceCv    | Noticed a reaper
 22211 | IceCv    | Banished a reaper
 22216 | IceCv    | Reached XP level 15. HP: 120/120 MP: 18/30
 22220 | IceCv    | Identified Pattaq's Omnibus of Chilblains
 22221 | IceCv    | Found the +5 scythe "Finisher" {speed, execute}
 22385 | Lair:5   | Found a staircase to the Slime Pits.
 22496 | Lair:5   | Reached *** piety under Ashenzari
 23673 | Orc:1    | Entered Level 1 of the Orcish Mines
 23697 | Orc:1    | Identified the +5 scale mail of the Swan {Int+3}
 23698 | Orc:1    | Noticed Sonja
 23713 | Orc:1    | Killed Sonja
 23718 | Orc:1    | Reached skill level 12 in Dodging
 24037 | Orc:2    | Entered Level 2 of the Orcish Mines
 24038 | Orc:2    | Noticed Azrael
 24051 | Orc:1    | Reached skill level 10 in Spellcasting
 24130 | Orc:1    | Killed Azrael
 24156 | Orc:2    | Reached skill level 10 in Fighting
 24295 | Orc:2    | Found Onohadgh's General Store.
 24300 | Orc:2    | Found Yrodis's General Store.
 24469 | Orc:2    | Found a staircase to the Elven Halls.
 24608 | Orc:2    | Found a large runed translucent door.
 24608 | Orc:2    | Found a large runed translucent door.
 24613 | Orc:2    | Identified the +0 double sword "Ipueriah" {vamp, Fly rN+}
 24614 | Orc:2    | Noticed erfael's ghost (journeyman MiBe)
 24624 | Orc:2    | Killed erfael's ghost
 24697 | Orc:2    | Reached XP level 16. HP: 118/130 MP: 17/33
 24774 | Orc:2    | Found Josaif's Book Boutique.
 24774 | Orc:2    | Found a one-way gate leading to the halls of Pandemonium.
 24774 | Orc:2    | Found Cuckidd's Antique Armour Shop.
 24818 | Orc:2    | Bought a manual of Translocations for 1200 gold pieces
 24818 | Orc:2    | Bought a book of the Moon for 600 gold pieces
 24825 | Orc:2    | Learned a level 6 spell: Plasma Beam
 24884 | Orc:1    | Noticed Nergalle
 24912 | Orc:1    | Killed Nergalle
 25001 | Orc:1    | Reached **** piety under Ashenzari
 25270 | Snake:1  | Entered Level 1 of the Snake Pit
 25367 | Snake:1  | Reached skill level 1 in Translocations
 25644 | Snake:1  | Found Quirr's Weapon Boutique.
 25646 | Snake:1  | Found Wygest's Weapon Shop.
 25648 | Snake:1  | Found Mopyler's Magic Scroll Boutique.
 25656 | Snake:1  | Bought a scroll of blinking for 90 gold pieces
 25721 | Snake:1  | Noticed Louise
 25724 | Snake:1  | Killed Louise
 26155 | Snake:2  | Identified the serpent talisman of the Mind {rF+}
 26155 | Snake:2  | Noticed Aizul
 26650 | Snake:2  | Killed Aizul
 27330 | Snake:2  | Reached skill level 13 in Dodging
 27718 | Snake:3  | Found Tyxzeit's Book Boutique.
 27720 | Snake:3  | Found Caicweh's Jewellery Shoppe.
 27722 | Snake:3  | Found Zoydelac's Book Boutique.
 27826 | Snake:3  | Reached XP level 17. HP: 138/140 MP: 23/35
 27993 | Snake:3  | Identified the +3 falchion of the Glowing Gods {protect,
                  | rF+ Will+ Dex+3}
 28358 | Snake:4  | Entered Level 4 of the Snake Pit
 28360 | Snake:4  | Reached skill level 5 in Translocations
 28361 | Snake:4  | Noticed Agnes
 28367 | Snake:4  | Killed Agnes
 28890 | Snake:4  | Reached skill level 10 in Air Magic
 28891 | Snake:4  | Reached skill level 10 in Shields
 29400 | Snake:4  | Got a serpentine rune of Zot
 29867 | Swamp:1  | Entered Level 1 of the Swamp
 30148 | Swamp:1  | Reached skill level 14 in Dodging
 30680 | Swamp:2  | Reached XP level 18. HP: 149/149 MP: 27/37
 31750 | Swamp:4  | Entered Level 4 of the Swamp
 31840 | Swamp:4  | Identified the +0 double sword "Zaojihe" {pain, rC+}
 32459 | Swamp:4  | Got a decaying rune of Zot
 32831 | D:10     | Killed Gadfly's ghost
 33706 | D:15     | Identified the +4 quarterstaff of the Undead {speed, rF++
                  | rN+ MP+9}
 33933 | D:15     | Found a staircase to the Depths.
 34369 | D:15     | Found a portal to a secret trove of treasure.
 34461 | D:15     | Found a shimmering blue altar of Sif Muna.
 34606 | Elf:1    | Entered Level 1 of the Elven Halls
 34606 | Elf:1    | Found a runed translucent gate.
 34606 | Elf:1    | Found a runed translucent gate.
 34606 | Elf:1    | Found a runed translucent gate.
 34606 | Elf:1    | Found a runed translucent gate.
 34606 | Elf:1    | Found a runed translucent gate.
 34606 | Elf:1    | Found a runed translucent gate.
 34607 | Elf:1    | Found a runed translucent door.
 34619 | Elf:1    | Found a runed translucent door.
 34770 | Elf:1    | Paralysed by an air elemental for 1 turns
 34977 | Elf:1    | Reached XP level 19. HP: 159/159 MP: 39/39
 34999 | Elf:1    | Reached skill level 15 in Dodging
 35403 | Elf:1    | Found a shimmering blue altar of Sif Muna.
 35577 | Elf:2    | Paralysed by an air elemental for 1 turns
 35948 | Elf:2    | Paralysed by an air elemental for 1 turns
 36060 | Elf:2    | Found a runed translucent gate.
 36062 | Elf:2    | Found a runed translucent gate.
 36062 | Elf:2    | Found a runed translucent gate.
 36486 | Elf:3    | Entered Level 3 of the Elven Halls
 36531 | Elf:3    | Reached skill level 10 in Fire Magic
 36578 | Elf:2    | Found a shimmering blue altar of Sif Muna.
 36658 | Elf:3    | Reached skill level 10 in Translocations
 36717 | Elf:3    | Identified the +7 great sword of the Enchanting Boar
                  | {freeze, *Rage rN+ Will+ Str-4 Dex+3}
 37063 | Elf:3    | Identified the +2 war axe "Qeynonar" {pain, +Blink rPois
                  | rC+ Int+2}
 37130 | Elf:3    | Identified the +10 scale mail of the Dwarven Hall {rF+}
 37177 | Elf:3    | Identified the +3 scimitar of Ydeotew {venom, *Noise rElec
                  | Dex+6 Stlth-}
 37295 | Elf:3    | Identified the +0 kite shield of Bad Feelings {rElec rC+
                  | Int+2}
 37400 | Elf:3    | Identified the staff of Qopraqikk {rElec rN+++ Str-4 Conj}
 37414 | Elf:3    | Identified the Lessons on the Dark Maleficium
 37514 | Elf:3    | Reached XP level 20. HP: 164/164 MP: 41/41
 37851 | Depths:1 | Entered Level 1 of the Depths
 37922 | D:15     | Learned a level 4 spell: Passage of Golubria
 38001 | Depths:1 | Noticed Mara
 38004 | Depths:1 | Noticed FexLirch's illusion
 38042 | Depths:1 | Noticed FexLirch's illusion
 38044 | Depths:1 | Killed Mara
 38153 | Depths:1 | Reached XP level 21. HP: 173/175 MP: 32/42
 38251 | Depths:1 | Reached skill level 16 in Dodging
 38365 | D:15     | You paid a toll of 14 scrolls of teleportation to enter a
                  | treasure trove
 38366 | Trove    | Entered a treasure trove
 38371 | Trove    | Identified the +1 scale mail "Sylitsa" {Rampage Str+3
                  | Int-3}
 38371 | Trove    | Identified the amulet of Sunlight {rElec Regen+}
 38523 | Depths:1 | Found a one-way gateway to a ziggurat.
 38634 | Depths:1 | Found a gateway to Hell.
 38705 | Depths:1 | Noticed the Enchantress
 38717 | Depths:1 | Killed the Enchantress
 38960 | Vaults:1 | Entered Level 1 of the Vaults
 39014 | Vaults:1 | Learned a level 7 spell: Enfeeble
 39045 | Vaults:1 | Found Reschu's Book Shoppe.
 39382 | Vaults:1 | Found a magical portal.
 39402 | WizLab   | Entered Maxwell's Workshop
 39726 | WizLab   | Identified the ring "Ankuxt" {Fire Dex+2}
 39906 | WizLab   | Identified the ring "Ciustug" {Fire rElec Int+5}
 40033 | WizLab   | Identified the +5 scale mail of Vytef {Rampage rF- rC+
                  | Dex+6}
 40471 | Vaults:1 | Learned a level 1 spell: Apportation
 40513 | Vaults:1 | Learned a level 5 spell: Alistair's Intoxication
 40650 | Vaults:1 | Learned a level 5 spell: Irradiate
 40850 | Vaults:2 | Found a flickering gateway to a bazaar.
 40872 | Bazaar   | Entered a bazaar
 40872 | Bazaar   | Found Ydohuc's Armour Shoppe.
 40877 | Bazaar   | Found Dawnicin's Antique Weapon Emporium.
 40881 | Bazaar   | Found Gukev's Antique Armour Shoppe.
 40889 | Bazaar   | Found Esteo's Weapon Emporium.
 40891 | Bazaar   | Bought a shimmering robe for 171 gold pieces
 40891 | Bazaar   | Identified the +0 robe of Dogmatism {Str+3} (You bought it
                  | in a shop in a bazaar)
 40899 | Bazaar   | Found Plog's Book Boutique.
 40911 | Bazaar   | Bought a book of the Warp for 504 gold pieces
 40925 | Bazaar   | Bought the +4 robe of Folly {Brill Will-∞ Int+8} for 1335
                  | gold pieces
 40925 | Bazaar   | Found the +4 robe of Folly {Brill Will-∞ Int+8}
 41082 | Vaults:2 | Found a crumbling gateway.
 41091 | Desolati | Entered the Desolation of Salt
 41162 | Desolati | Identified the ring "Danolu" {+Blink rPois rC+ rCorr Int+6}
 41166 | Desolati | Identified the Atlas of Blistering Mortification
 41231 | Desolati | Identified the ring "Holoeget" {rElec rF+ rN+ Int+2}
 41281 | Desolati | Identified the ring "Inyvekh" {rF- Will+ Str+2 Int+5 Dex+6}
 41282 | Desolati | Identified the amulet of Asoas {Reflect Str+2 SH+5 SInv}
 41335 | Desolati | Identified the amulet of Sainez {Spirit *Corrode Dex+9}
 41622 | Desolati | Identified Sif Muna's Almanac of the Sandy Summer
 41662 | Desolati | Gained mutation: You are dopey. (Int -2) [mutagenic glow]
 41695 | Desolati | Identified the ring of Kuowitt {rC+ rCorr Str+3 Int+4
                  | Dex-3}
 41725 | Desolati | Identified the +0 chain mail of Akku {rC+}
 41735 | Desolati | Reached XP level 22. HP: 185/185 MP: 41/44
 41744 | Desolati | Found the +6 arbalest "Damnation" {damnation}
 42324 | Vaults:2 | Identified the +1 hand axe of a Million Songs {flame, rF+
                  | Int+2}
 42566 | Vaults:2 | Found the +0 mask of the Dragon {Will+ Slay+3 SInv}
 42597 | Vaults:2 | Lost mutation: Your spells are a little harder to cast, but
                  | a little more powerful. [potion of mutation]
 42597 | Vaults:2 | Lost mutation: You are dopey. (Int -2) [potion of mutation]
 42597 | Vaults:2 | Gained mutation: You are dopey. (Int -2) [potion of
                  | mutation]
 42597 | Vaults:2 | Gained mutation: Your spells are a little harder to cast,
                  | but a little more powerful. [potion of mutation]
 42597 | Vaults:2 | Gained mutation: You possess an exceptional clarity of
                  | mind. [potion of mutation]
 42597 | Vaults:2 | Gained mutation: You have large cloven feet. [potion of
                  | mutation]
 42934 | Vaults:3 | Reached skill level 17 in Dodging
 42948 | Vaults:3 | Identified the +5 arbalest "Impslayer" {penet, rPois}
 43276 | Vaults:3 | Reached skill level 15 in Hexes
 43505 | Vaults:3 | Reached skill level 5 in Conjurations
 43996 | Vaults:4 | Identified the +3 long sword "Popt" {freeze, rF+ Will+}
 44593 | Vaults:4 | Identified the +7 mace of the Teaching Gods {speed, +Blink
                  | rF- rN++}
 45607 | Depths:1 | Found the +3 salamander hide armour {Flames, rFlCloud rF++
                  | rC--}
 45685 | Depths:2 | Reached XP level 23. HP: 194/194 MP: 29/45
 45929 | Depths:2 | Reached skill level 15 in Fighting
 45938 | Depths:2 | Gained mutation: You passively map a small area around you.
                  | [mutagenic glow]
 46356 | Depths:2 | Found a runed translucent gate.
 46356 | Depths:2 | Found a runed translucent gate.
 46356 | Depths:2 | Found a runed translucent gate.
 46360 | Depths:2 | Noticed Viocziel's ghost (adept TrMo)
 46360 | Depths:2 | Noticed a juggernaut
 46368 | Depths:2 | Identified the +2 hat of Seetrydu {^Drain rElec rN++ Will+}
 46368 | Depths:2 | Identified the +4 orcbow of the Forging Gods {flame, *Slow
                  | rF+ Dex+3}
 46607 | Depths:2 | Found an ornate altar of the Wu Jian Council.
 46945 | Depths:2 | Identified the ring of Amorality {Fly rN+ Str+5 Dex-4}
 47163 | Depths:2 | Reached skill level 18 in Dodging
 47401 | Depths:2 | Identified the Tome of Feculent Black Rituals
 47497 | Depths:2 | Killed a juggernaut
 47498 | Depths:2 | Reached skill level 15 in Spellcasting
 47570 | Depths:1 | Killed Viocziel's ghost
 48019 | Depths:3 | Found a runed translucent gate.
 48020 | Depths:3 | Found a runed translucent gate.
 48020 | Depths:3 | Found a runed translucent gate.
 48021 | Depths:3 | Found an opulent altar of Gozag.
 48022 | Depths:3 | Noticed OlivierBoivin's ghost (veteran AtAr)
 48023 | Depths:3 | Found Sexunuch's Assorted Antiques.
 48401 | Depths:3 | Found a corrupted altar of Lugonu.
 48473 | Depths:3 | Reached skill level 15 in Air Magic
 48730 | Depths:3 | Reached XP level 24. HP: 201/201 MP: 2/45
 49359 | Depths:4 | Entered Level 4 of the Depths
 49610 | Depths:4 | Found a gate to the Realm of Zot.
 49802 | Depths:4 | Found Umeo's Antique Weapon Emporium.
 50326 | Depths:3 | Noticed Sojobo
 50337 | Depths:3 | Killed Sojobo
 50529 | Vaults:2 | Found a staircase to the Crypt.
 50529 | Vaults:2 | Found a basalt altar of Yredelemnul.
 50529 | Vaults:2 | Found an ancient bone altar of Kikubaaqudgha.
 50536 | Crypt:1  | Entered Level 1 of the Crypt
 50536 | Crypt:1  | Identified the ring "Qoco" {*Corrode rElec rPois Str+5}
 50701 | Crypt:1  | Reached skill level 19 in Dodging
 50745 | Crypt:1  | Noticed Boris
 50753 | Crypt:1  | Banished Boris
 51481 | Crypt:2  | Reached skill level 15 in Shields
 52206 | Crypt:3  | Entered Level 3 of the Crypt
 52617 | Crypt:3  | Found a basalt altar of Yredelemnul.
 52698 | Crypt:3  | Reached XP level 25. HP: 182/210 MP: 27/46
 52737 | Crypt:3  | Identified the serpent talisman of Sophism {MP+9 Str-4
                  | Int+6}
 52787 | Crypt:3  | Found the +27 heavy crossbow "Sniper" {heavy, Acc+∞ SInv}
 52837 | Crypt:3  | Identified the ring of the Tuna {Fly rF+++ rN++ Will-
                  | Dex-2}
 53151 | Crypt:3  | Identified Japihy's Writings on Portals
 53345 | Crypt:3  | Found a staircase to the Tomb.
 53345 | Crypt:3  | Noticed Jory
 53351 | Crypt:3  | Killed Jory
 53352 | Crypt:3  | Identified the staff of the Hierophant {rElec rN+ Int+8
                  | Necro}
 53886 | Snake:3  | Bought a book of Burglary for 418 gold pieces
 53890 | Snake:3  | Learned a level 3 spell: Swiftness
 54628 | Vaults:1 | Bought a book of the Spheres for 1280 gold pieces
 54759 | Orc:2    | Bought a book of Lightning for 540 gold pieces
 54766 | Orc:2    | Learned a level 5 spell: Arcjolt
 55004 | Vaults:5 | Entered Level 5 of the Vaults
 55060 | Vaults:5 | Noticed an ancient lich
 55072 | Vaults:4 | Killed an ancient lich
 55122 | Vaults:5 | Noticed a dread lich
 55220 | Vaults:4 | Killed a dread lich
 55477 | Vaults:5 | Identified the +6 plate armour of Winter {rPois rCorr}
 55614 | Vaults:5 | Got a silver rune of Zot
 55615 | Vaults:5 | Noticed a dread lich
 55620 | Vaults:5 | Reached skill level 20 in Dodging
 55629 | Vaults:5 | Killed a dread lich
 55813 | Vaults:5 | Found the +3 greatsling "Punk" {acid, rCorr}
 56335 | Zot:1    | Entered Level 1 of the Realm of Zot
 56665 | Zot:1    | Reached XP level 26. HP: 218/219 MP: 33/47
 56732 | Zot:1    | Noticed Vv
 56759 | Zot:1    | Killed Vv
 57413 | Zot:2    | Identified the +0 ring mail of the Serpent {rElec Dex+4}
 57483 | Zot:2    | HP: 2/176 [green draconian/+0 dire flail[a yellow draconian
                  | annihilator] (10)]
 57708 | Zot:2    | Reached skill level 10 in Conjurations
 58530 | Zot:2    | Reached ***** piety under Ashenzari
 58611 | Zot:3    | Noticed an orb of fire
 58621 | Zot:2    | Killed an orb of fire
 59240 | Zot:3    | Reached skill level 21 in Dodging
 60057 | Zot:4    | Reached XP level 27. HP: 233/233 MP: 24/49
 60737 | Zot:5    | Entered Level 5 of the Realm of Zot
 60991 | Zot:5    | Noticed a dread lich
 61002 | Zot:5    | Banished a dread lich
 61079 | Zot:5    | Noticed an ancient lich
 61088 | Zot:5    | Killed an ancient lich
 61130 | Zot:5    | Noticed an ancient lich
 61137 | Zot:5    | Killed an ancient lich
 61219 | Zot:5    | Noticed an orb of fire
 61241 | Zot:5    | Noticed a dread lich
 61251 | Zot:5    | Noticed an orb of fire
 61254 | Zot:5    | Noticed an orb of fire
 61275 | Zot:5    | Gained mutation: You are very dopey. (Int -4) [an orb of
                  | fire]
 61308 | Zot:4    | Lost mutation: Your spells are a little harder to cast, but
                  | a little more powerful. [an orb of fire]
 61328 | Zot:4    | Gained mutation: You are frail. (-10% HP) [an orb of fire]
 61337 | Zot:4    | Killed an orb of fire
 61338 | Zot:4    | Lost mutation: You are very dopey. (Int -4) [potion of
                  | mutation]
 61338 | Zot:4    | Lost mutation: You passively map a small area around you.
                  | [potion of mutation]
 61338 | Zot:4    | Lost mutation: You are dopey. (Int -2) [potion of mutation]
 61369 | Zot:5    | Gained mutation: You occasionally shout uncontrollably at
                  | your foes. [an orb of fire]
 61379 | Zot:4    | Banished an orb of fire
 61405 | Zot:5    | Killed a dread lich
 61505 | Zot:5    | Noticed a dread lich
 61515 | Zot:5    | Noticed an orb of fire
 61517 | Zot:5    | Gained mutation: You occasionally lose the ability to read
                  | scrolls when taking damage. [an orb of fire]
 61523 | Zot:5    | Killed a dread lich
 61549 | Zot:5    | Gained mutation: You sometimes lose the ability to read
                  | scrolls when taking damage. [an orb of fire]
 61551 | Zot:5    | Gained mutation: Armour fits poorly on your strangely
                  | shaped body. [an orb of fire]
 61552 | Zot:5    | Killed an orb of fire
 61553 | Zot:5    | Lost mutation: You have large cloven feet. [potion of
                  | mutation]
 61553 | Zot:5    | Lost mutation: Armour fits poorly on your strangely shaped
                  | body. [potion of mutation]
 61553 | Zot:5    | Lost mutation: You possess an exceptional clarity of mind.
                  | [potion of mutation]
 61553 | Zot:5    | Gained mutation: You have large cloven feet. [potion of
                  | mutation]
 61554 | Zot:5    | Lost mutation: You have large cloven feet. [potion of
                  | mutation]
 61554 | Zot:5    | Lost mutation: You sometimes lose the ability to read
                  | scrolls when taking damage. [potion of mutation]
 61554 | Zot:5    | Lost mutation: You occasionally shout uncontrollably at
                  | your foes. [potion of mutation]
 61554 | Zot:5    | Gained mutation: Your magical capacity is low. (-10% MP)
                  | [potion of mutation]
 61554 | Zot:5    | Gained mutation: You are weak. (Str -2) [potion of
                  | mutation]
 61555 | Zot:5    | Lost mutation: Your magical capacity is low. (-10% MP)
                  | [potion of mutation]
 61555 | Zot:5    | Lost mutation: You are weak. (Str -2) [potion of mutation]
 61555 | Zot:5    | Lost mutation: You are frail. (-10% HP) [potion of
                  | mutation]
 61555 | Zot:5    | Gained mutation: You have a pair of small horns on your
                  | head. [potion of mutation]
 61555 | Zot:5    | Gained mutation: Your muscles are strong. (Str +4, Int/Dex
                  | -1) [potion of mutation]
 61555 | Zot:5    | Gained mutation: Your magical capacity is low. (-10% MP)
                  | [potion of mutation]
 61556 | Zot:5    | Lost mutation: You occasionally lose the ability to read
                  | scrolls when taking damage. [potion of mutation]
 61556 | Zot:5    | Lost mutation: Your magical capacity is low. (-10% MP)
                  | [potion of mutation]
 61556 | Zot:5    | Lost mutation: Your muscles are strong. (Str +4, Int/Dex
                  | -1) [potion of mutation]
 61556 | Zot:5    | Gained mutation: You sometimes lose your temper in combat.
                  | [potion of mutation]
 61556 | Zot:5    | Gained mutation: You are robust. (+10% HP) [potion of
                  | mutation]
 61557 | Zot:5    | Lost mutation: You have a pair of small horns on your head.
                  | [potion of mutation]
 61557 | Zot:5    | Lost mutation: You sometimes lose your temper in combat.
                  | [potion of mutation]
 61557 | Zot:5    | Gained mutation: You occasionally lose the ability to read
                  | scrolls when taking damage. [potion of mutation]
 61691 | Zot:5    | Noticed an orb of fire
 61723 | Zot:5    | Killed an orb of fire
 61844 | Zot:5    | Gained mutation: Your muscles are strong. (Str +4, Int/Dex
                  | -1) [an orb of fire]
 61865 | Zot:5    | Killed an orb of fire
 62065 | Zot:5    | Got the Orb of Zot
 62085 | Zot:5    | Identified the +0 buckler of Ekkomus {rCorr}
 62179 | Depths:4 | Noticed Aroc the pandemonium lord
 62583 | D:$      | Escaped with the Orb!

Illustrated notes

Levels and vault maps discovered:
D:1:      sevenhm_arrival_forest_fort_large_4, layout_basic
D:2:      layout_basic, shapermc_ecumenical_altar_mp_vishouse,
          serial_bayou_pond_e
D:3:      layout_basic, lemuel_coloured_pillars_altar, uniq_grinder,
          uniq_terence
D:4:      nicolae_cairo_tiling, layout_loops_corners, uniq_blork_the_orc,
          uniq_ijyb
D:5:      layout_basic, okawaru_gym_becter
D:6:      layout_loops_ring, mainiacjoe_overflow_tiny_flanked,
          minmay_temple_entry_trees, portal_sewer_entry_f, minmay_ogre_servants,
          uniq_duvessa
D:7:      layout_cave_pools, lightli_orcish_oven, uniq_pikel
D:8:      layout_basic, eat_drink_and_be_merry_uskayaw, lemuel_doored_altar,
          david_lair_generic, uniq_joseph, uniq_maggie, uniq_grum
D:9:      layout_stronghold, overflow_temple_1_default, uniq_psyche
D:10:     regret_index_dithmenos_penumbral_divide, layout_basic, enter_bailey_5,
          gammafunk_ghost_hydra_chop, kennysheep_generic_room_3
D:11:     lemuel_ice_spiral_2, layout_irregular_city, serial_shops, shop,
          hangedman_stone_soup
D:12:     due_chaos_kobolds, layout_loops_ring, orc_0_dummy
D:13:     layout_loops_ring, david_vaults_3, serial_shops, shop
D:14:     layout_loops_corners, hangedman_decor_clover_reticule, special_room
          [special_room_orc]
D:15:     grunt_enter_depths_snipers, layout_stronghold, serial_library,
          serial_library_hellmonk_open_cross,
          serial_library_regret_index_split_case,
          serial_library_hellmonk_room_a, serial_library_hellmonk_u_bend,
          serial_library_hellmonk_reading_circle,
          serial_library_hellmonk_room_c,
          serial_library_regret_index_branch_corner,
          serial_library_hellmonk_room_c, serial_library_hellmonk_narrow_alcove,
          trove_entry_hex_spiral, minmay_fountain_box
Temple:   nicolae_temple_x_marks_the_god
Lair:1:   layout_layer_cave
Lair:2:   layout_gridlike, skrybe_swamp_entry_bodies,
          guppyfry_snake_entry_island
Lair:3:   layout_small_grid, lemuel_old_faithful, uniq_amaemon
Lair:4:   layout_loops_ring
Lair:5:   hangedman_lair_caniforms_friends, layout_regular_city, wormcave,
          slime_entry_2, portal_ice_cave_entry_imps
Swamp:1:  layout_basic_swamp, nicolae_swamp_tree_designs
Swamp:2:  layout_falls_marsh, evilmike_swamp_ruin_house_5,
          nicolae_swamp_tree_isthmus
Swamp:3:  layout_falls_marsh, hangedman_swamp_blocks, swamp_pool_1_2,
          nicolae_swamp_bunyip_nook
Swamp:4:  swamp_basic_johnstein, layout_basic_swamp, swamp_pool_1_2,
          grunt_lady_of_the_lake
Snake:1:  layout_grid_maze, nrook_guardian_serpent_ordinary, grunt_megastairs_3,
          minmay_shop_star, uniq_louise
Snake:2:  layout_grid_maze, uniq_aizul
Snake:3:  layout_gridlike, st_stairs_12, nicolae_snake_guarding_the_ruins,
          minmay_shop_grove
Snake:4:  snake_pit, layout_concentric_octagons, uniq_agnes
Orc:1:    layout_diamond_mine, elves_outpost_lemuel, uniq_nergalle, uniq_sonja
Orc:2:    pf_orc_diabolical, layout_caves, ebering_ghost_disaster_area,
          uniq_azrael
Elf:1:    nicolae_elf_arrival_dilemma, layout_loops_ring, basic_altar,
          hangedman_elven_crosses_minicolossus,
          nicolae_elf_glass_and_crystal_pillar_2
Elf:2:    nicolae_elf_blades_crystal_corner, layout_loops_corners,
          lemuel_elevator, lemuel_upstairs_altar
Elf:3:    grunt_elf_hall_spiral, layout_geoelf_grid
Vaults:1: infiniplex_enter_wizlab_glasses, ontoclasm_vaults_idyll,
          nicolae_vaults_offset_grid_hallway_2, ontoclasm_vaults_echo,
          ontoclasm_vaults_pinch, vaults_room_boxed,
          nicolae_vaults_ninety_degrees, nicolae_vaults_alarming,
          ontoclasm_vaults_ring_small, ontoclasm_vaults_tryst,
          layout_vaults_ring, serial_shops, shop_statue
Vaults:2: portal_desolation_entry_garden, nicolae_vaults_cochlea,
          nicolae_vaults_weapon_check, v_misc_9, minmay_crypt_entry_necro_gods,
          nicolae_vaults_specimen_jars, v_misc_22, vaults_room_pool,
          nicolae_vaults_closet_pinwheel_4, st_smaller_cells, vaults_room_pool,
          vaults_room_grunt_arrival_checkpoint, layout_vaults_omnigrid,
          serial_shops, bzr_entry_water
Vaults:3: v_misc_14, nicolae_vaults_closet_pinwheel_3,
          nicolae_vaults_door_testing_chamber, nicolae_vaults_an_arrangement,
          hangedman_vaults_corner, nicolae_vaults_little_ls,
          vaults_dpeg_diagonal, nicolae_vaults_house_2, v_misc_30,
          nicolae_vaults_trapezoid_1, minmay_orc_keep,
          nicolae_vaults_yaktaur_gun_rack, nicolae_vaults_house_3,
          nicolae_vaults_tetromino_Z_1, nicolae_vaults_storage_room_statues,
          layout_vaults_omnicross
Vaults:4: grunt_vaults_diagonal, nicolae_vaults_little_squares_3,
          nicolae_vaults_mitosis, v_pattern_2, hangedman_vaults_stitches,
          grunt_vaults_hallway_short, vaults_room_door_hall, v_alt_pattern_1,
          nicolae_vaults_cornered_office, hangedman_vaults_impose,
          nicolae_vaults_network_square, layout_vaults_maze_bifur
Vaults:5: serial_shops
Crypt:1:  layout_misc_corridors, nicolae_crypt_soggy_tomb, uniq_boris
Crypt:2:  layout_misc_corridors
Crypt:3:  grunt_crypt_end_deaths_head
Depths:1: layout_cross, enter_ziggurat_e, chequers_big_river, hell_entry,
          hellmonk_guarded_unrand_salamander, serial_bayou_shore_b, uniq_mara,
          uniq_enchantress
Depths:2: regret_index_all_hallows'_manor, layout_basic, rand_demon_pan_entry_4,
          hell_entry, gammafunk_ghost_split, hangedman_abyss_entry_splay,
          hangedman_abyss_or_decor_stabs, pdpol_wu_jian_five_deadly_venoms,
          infiniplex_staircase_zigzag_5
Depths:3: thingy_vault, layout_basic, grunt_hell_horde,
          minmay_misc_feat_diagonals, ebering_ghost_gozag,
          abyss_entry_flame_altar, grunt_megastairs_1,
          infiniplex_staircase_door_maze, uniq_sojobo
Depths:4: evilmike_zot_entry_hall, layout_basic, serial_shops,
          nicolae_shop_real_fake_doors, hell_entry, rand_demon_pan_entry_7,
          reono_crystal_passage
Zot:1:    layout_onion, bh_zot_levy_curve, st_small_dragon_hoard_4,
          regret_index_zotdec_twisting_globes, uniq_vv
Zot:2:    lemuel_draconian_sentries, layout_twisted_circle
Zot:3:    layout_misc_corridors, grunt_ministairs_14,
          hangedman_snake_sidewinding
Zot:4:    layout_twisted_circle, uniq_grunn
Zot:5:    layout_misc_corridors

Skill      XL: |  1  2  3  4  5  6  7  8  9 10 11 12 13 14 15 16 17 18 19 20 21 22 23 24 25 26 27 |
---------------+----------------------------------------------------------------------------------+-----
Conjurations   | 1 2 4 5 7 8 9 10 11 | 11.4
Fighting       | 1 2 3 4 6 7 8 9 10 11 12 13 14 15 16 17 18 | 18.6
Alchemy        | 4 5 6 7 9 10 11 12 13 | 13.6
Dodging        | 3 4 5 6 7 9 10 11 12 13 14 15 16 17 18 19 20 21 | 21.8
Air Magic      | 1 2 4 5 6 8 9 10 11 12 13 14 15 16 17 18 | 18.5
Stealth        | 4 5 8 9 |  9.0
Spellcasting   | 3 4 5 6 7 8 9 10 11 12 13 14 15 16 17 18 | 18.3
Shields        | 1 2 4 5 6 7 8 9 10 11 12 13 14 15 16 17 | 17.6
Fire Magic     | 5 6 7 8 9 10 | 10.7
Short Blades   | 3 4 5 7 8 |  8.4
Armour         | 1 |  1.0
Hexes          | 2 6 9 10 12 14 15 17 18 20 | 20.0
Translocations | 4 7 9 10 | 10.7

Action                     |  1- 3 |  4- 6 |  7- 9 | 10-12 | 13-15 | 16-18 | 19-21 | 22-24 | 25-27 || total
---------------------------+-------+-------+-------+-------+-------+-------+-------+-------+-------++-------
  Melee: Unarmed           |     8 |       |       |       |       |       |       |       |       ||     8
         Club              |     2 |       |       |       |       |       |       |       |       ||     2
         Short sword       |    13 |    59 |    97 |   107 |       |       |       |       |       ||   276
         Bite              |    11 |    12 |    82 |    47 |    65 |    93 |   138 |   193 |   169 ||   810
         Dagger            |    84 |    11 |   341 |   229 |   494 |   637 |   675 |   921 |   836 ||  4228
         Punch             |     1 |     1 |     5 |       |       |       |       |       |       ||     7
  Throw: Javelin           |       |       |     5 |     3 |       |       |       |       |       ||     8
         Boomerang         |       |       |       |     1 |       |     2 |       |       |       ||     3
   Cast: Sting             |    32 |    11 |    43 |     5 |    12 |     3 |     1 |       |       ||   107
         Mercury Vapours   |    20 |    12 |    35 |    18 |    44 |    41 |    10 |       |       ||   180
         Mephitic Cloud    |       |     4 |    28 |    31 |    26 |    10 |     4 |     1 |       ||   104
         Olgreb's Toxic Ra |       |       |    13 |    49 |   104 |    60 |    68 |    58 |    44 ||   396
         Sticky Flame      |       |       |       |    56 |    57 |    81 |    12 |     7 |     2 ||   215
         Tukima's Dance    |       |       |       |    18 |     7 |    36 |    15 |     3 |     3 ||    82
         Blink             |       |       |       |     4 |     4 |     2 |     8 |       |     1 ||    19
         Sigil of Binding  |       |       |       |     8 |    16 |     7 |     7 |     3 |     1 ||    42
         Flame Wave        |       |       |       |     4 |    21 |    31 |    30 |     7 |     1 ||    94
         Yara's Violent Un |       |       |       |       |    25 |    34 |    23 |    42 |    76 ||   200
         Plasma Beam       |       |       |       |       |       |   138 |   134 |   293 |   239 ||   804
         Enfeeble          |       |       |       |       |       |       |    40 |    74 |   117 ||   231
         Irradiate         |       |       |       |       |       |       |     8 |    52 |    63 ||   123
         Passage of Golubr |       |       |       |       |       |       |     8 |    13 |     7 ||    28
         Alistair's Intoxi |       |       |       |       |       |       |     6 |    36 |    44 ||    86
         Apportation       |       |       |       |       |       |       |     1 |       |     1 ||     2
         Arcjolt           |       |       |       |       |       |       |       |       |    56 ||    56
         Swiftness         |       |       |       |       |       |       |       |       |     2 ||     2
 Invoke: Curse Item        |       |       |       |     3 |     2 |     2 |       |     1 |     2 ||    10
         Shatter the Chain |       |       |       |       |       |       |       |     1 |       ||     1
Ability: Exsanguinate      |     1 |       |     1 |       |     1 |       |       |       |     3 ||     6
         Revivify          |       |       |     1 |       |     2 |       |       |       |     2 ||     5
         Bat Form          |       |       |       |       |       |       |       |       |     1 ||     1
  Evoke: Wand              |       |       |    28 |       |       |       |       |     1 |     1 ||    30
    Use: Scroll            |     2 |     6 |     3 |     3 |     2 |       |     6 |       |    27 ||    49
         Potion            |       |       |     2 |     3 |       |       |     4 |     1 |    27 ||    37
   Stab: Sleeping          |     8 |     6 |     7 |    24 |    34 |    32 |    23 |    28 |     7 ||   169
         Confused          |       |     4 |    28 |    27 |    17 |     6 |     4 |    11 |     4 ||   101
         Distracted        |       |       |     1 |     1 |     3 |     4 |     1 |     2 |     3 ||    15
         Invisible         |       |       |     1 |     2 |       |       |    21 |    54 |    53 ||   131
         Fleeing           |       |       |       |       |       |       |       |       |     1 ||     1
 Armour: Robe              |     7 |     8 |       |   117 |   178 |   318 |   322 |   348 |   350 ||  1648
         Leather armour    |    39 |    19 |   184 |    19 |       |       |       |       |       ||   261
         Ring mail         |       |       |       |     8 |       |       |       |       |       ||     8
         Steam dragon scal |       |       |       |     5 |       |       |       |       |       ||     5
  Dodge: Dodged            |    58 |    39 |   233 |   178 |   254 |   442 |   343 |   391 |   493 ||  2431
  Block: Buckler           |       |       |    58 |   106 |       |       |       |       |       ||   164
         Kite shield       |       |       |       |       |   495 |   720 |   649 |   753 |   719 ||  3336
